 Dungeon Crawl Stone Soup version 0.30-a0-339-g89bb51ec76 (webtiles) character file.

Game seed: 1844783958789156303

178 Powertoast the Cudgeller (level 5, -3/50 HPs)
             Began as a Troll Gladiator on Nov 1, 2022.
             Was an Initiate of Okawaru.
             Slain by a black bear (4 damage)
             ... on level 4 of the Dungeon.
             The game lasted 00:07:02 (2456 turns).

Powertoast the Cudgeller (Troll Gladiator)          Turns: 2456, Time: 00:07:03

Health: -3/50      AC:  4    Str: 22    XL:     5   Next: 32%
Magic:  4/4        EV: 10    Int:  4    God:    Okawaru [......]
Gold:   201        SH:  0    Dex: 13    Spells: 4/4 levels left

rFire   . . .      SeeInvis .    u - +1 short sword (speed)
rCold   . . .      Faith    .    (no shield)
rNeg    . . .      Spirit   .    b - +0 robe
rPois   .          Reflect  .    c - +0 hat
rElec   .          Harm     .    (no cloak)
rCorr   .          Rampage  .    (gloves unavailable)
Will    .....                    (boots unavailable)
Stlth   +.........               (no amulet)
HPRegen 1.08/turn                (no ring)
MPRegen 0.09/turn                (no ring)

@: no status effects
A: large, unfitting armour, claws 3, regeneration 1, shaggy fur 1, tough skin 1
a: Renounce Religion


You were on level 4 of the Dungeon.
You worshipped Okawaru.
Okawaru was noncommittal.
You visited 2 branches of the dungeon, and saw 5 of its levels.

You collected 201 gold pieces.

Inventory:

Hand Weapons
 a - a +0 flail
 n - a +0 morningstar
 u - a +1 short sword of speed (weapon)
Missiles
 d - 3 throwing nets (quivered)
Armour
 b - a +0 robe (worn)
 c - a +0 hat (worn)
Jewellery
 p - a +4 ring of evasion
Scrolls
 h - a scroll of identify {unknown}
 i - 2 scrolls of noise {unknown}
 k - a scroll of silence {unknown}
 l - a scroll of poison {unknown}
 m - a scroll of magic mapping {unknown}
 q - a scroll of enchant armour {unknown}
 s - a scroll of vulnerability {unknown}
 t - a scroll of blinking {unknown}
Potions
 f - 2 potions of flight {unknown}
 g - a potion of berserk rage {unknown}
 j - a potion of attraction {unknown}
 o - 2 potions of curing {unknown}
 r - 2 potions of brilliance {unknown}


   Skills:
 + Level 2.4 Fighting
 * Level 4.0 Maces & Flails
 + Level 2.7 Throwing
 - Level 3.0 Dodging
 + Level 0.1 Invocations


You had 4 spell levels left.
You didn't know any spells.
Your spell library contained the following spells:

 Spells                   Type           Power      Damage    Failure   Level
 Beastly Appendage        Tmut           0%         N/A       50%         1
 Blink                    Tloc           0%         N/A       65%         2
 Momentum Strike          Conj/Tloc      0%         3d8       65%         2
 Wereblood                Tmut           0%         N/A       65%         2
 Lesser Beckoning         Tloc           0%         N/A       86%         3
 Spider Form              Tmut/Pois      0%         N/A       86%         3


Dungeon Overview and Level Annotations

Branches:
Dungeon (4/15)             Temple (1/1) D:4

Altars:
Cheibriados
Dithmenos
Elyvilon
Makhleb
Nemelex Xobeh
Okawaru
Qazlal
Ru
Sif Muna
Trog
Uskayaw
Vehumet
Wu Jian
Xom
Yredelemnul
Zin

Annotations:
D:3 Grinder


Innate Abilities, Weirdness & Mutations

You are too large for most types of armour.
You have claws for hands.
Your natural rate of healing is unusually fast.
You are covered in fur. (AC +1)
You have tough skin. (AC +1)


Message History

The black bear misses you.
You hit the black bear.
The black bear is heavily wounded.
You barely miss the black bear.
The black bear is heavily wounded.
The black bear bites you! The black bear closely misses you.
The black bear claws you but does no damage.
You barely miss the black bear.
The black bear is heavily wounded.
The black bear bites you. The black bear claws you.
The black bear claws you but does no damage.
You hit the black bear.
The black bear is heavily wounded.
You hit the black bear.
The black bear is heavily wounded.
The black bear closely misses you. The black bear claws you.
The black bear misses you.
You hit the black bear.
The black bear is severely wounded.
You hit the black bear but do no damage.
The black bear is severely wounded.
The black bear bites you but does no damage.
The black bear claws you but does no damage.
The black bear claws you.
You hit the black bear.
The black bear is almost dead.
The black bear goes berserk!
You hit the black bear.
The black bear is almost dead.
The black bear bites you. The black bear claws you. x2
* * * LOW HITPOINT WARNING * * *
The black bear rages.
The black bear attacks as you move away!
The black bear bites you.
* * * LOW HITPOINT WARNING * * *
The black bear claws you but does no damage.
The black bear barely misses you. The black bear bites you!
* * * LOW HITPOINT WARNING * * *
The black bear claws you.
You die...

#.# #.#
#.# #.#
#.# #.#
#.# #.#
#.# #.#
#.######.#
#. #.#
#........#
#( #.#
##########
#h #.# #.
#.# #. #@#
#. #h#
#.###.#
#.....#
#######


You could see a black bear (berserk).

Vanquished Creatures
  A scorpion (D:3)
  An iguana (D:4)
  4 adders
  A worm (D:2)
  2 dart slugs
  An orc (D:4)
  5 bats
  6 endoplasms
  A giant cockroach (D:1)
  7 goblins
  4 hobgoblins
  2 quokkas
  2 ball pythons (D:2)
  2 frilled lizards
  6 kobolds
  13 rats
58 creatures vanquished.

Notes
Turn   | Place    | Note
-------+----------+-------------------------------------------
     0 | D:1      | Powertoast the Troll Gladiator began the quest for the Orb.
     0 | D:1      | Reached XP level 1. HP: 19/19 MP: 0/0
   180 | D:1      | Reached XP level 2. HP: 28/28 MP: 1/1
   221 | D:1      | Reached skill level 3 in Maces & Flails
   879 | D:2      | Reached XP level 3. HP: 14/35 MP: 2/2
  1710 | D:3      | Noticed a scorpion
  1721 | D:3      | Killed a scorpion
  1722 | D:3      | Reached XP level 4. HP: 18/42 MP: 3/3
  1901 | D:3      | Found an ornate altar of the Wu Jian Council.
  1963 | D:3      | Noticed Grinder
  1965 | D:3      | Paralysed by Grinder for 5 turns
  2007 | D:3      | Paralysed by Grinder for 5 turns
  2054 | D:4      | Found a snail-covered altar of Cheibriados.
  2123 | D:4      | Found a staircase to the Ecumenical Temple.
  2125 | D:4      | Reached XP level 5. HP: 50/50 MP: 4/4
  2130 | D:4      | Reached skill level 4 in Maces & Flails
  2147 | Temple   | Entered the Ecumenical Temple
  2243 | Temple   | Became a worshipper of Warmaster Okawaru
  2432 | D:4      | Noticed a black bear
  2456 | D:4      | HP: 1/50 [black bear (9)]
  2456 | D:4      | Slain by a black bear

Illustrated notes

Levels and vault maps discovered:
D:1:      tarquinn_simple_flora_water_c, layout_basic, minmay_rat_gold_closets
D:2:      layout_loops_corners
D:3:      layout_rooms, marbit_many_paths, kennysheep_crisscross, uniq_grinder
D:4:      layout_basic, mainiacjoe_overflow_paths, kiku_gazebo_pond_becter,
          minmay_temple_entry_offerings, grunt_ministairs_9
Temple:   nicolae_temple_superstar

Skill      XL: |  1  2  3  4  5 |
---------------+----------------+-----
Maces & Flails | 3 4 |  4.0
Throwing       | 2 |  2.7
Fighting       | 2 |  2.4
Dodging        | 3 |  3.0
Invocations    | |  0.1

Action                   |  1- 3 |  4- 6 || total
-------------------------+-------+-------++-------
Melee: Flail             |    75 |       ||    75
       Morningstar       |    32 |    52 ||    84
       Short sword       |       |    14 ||    14
Throw: Large rock        |     1 |     1 ||     2
 Stab: Sleeping          |     3 |     1 ||     4
Armor: Robe              |    37 |    23 ||    60
Dodge: Dodged            |    46 |    34 ||    80

Table legend: (Time is in decaauts)
 A = Elapsed time spent in this place.
 B = Non-inter-level travel time spent in this place.
 C = Inter-level travel time spent in this place.
 D = Time resting spent in this place.
 E = Time spent auto-exploring this place.
 F = Levels seen in this place.
 G = Mean time per level.
                   A        B        C        D        E       F      G
               +--------+--------+--------+--------+--------+-----+--------+
         Total |   2498 |   2443 |     55 |     63 |   1775 |   5 |  499.6 |
       Dungeon |   2395 |   2347 |     48 |     63 |   1714 |   4 |  598.8 |
        Temple |    103 |     96 |      7 |      0 |     61 |   1 |  103.0 |
               +--------+--------+--------+--------+--------+-----+--------+

Top non-repeatable levels by time:
     D:2: 850 daAuts
     D:1: 839 daAuts
     D:3: 386 daAuts
     D:4: 319 daAuts
  Temple: 103 daAuts
